SL
FT. WORTH CATTLEMEN @ CHICAGO GOLD SOX
09/29/2025
 
TOP OF THE 1ST
Ft. Worth Cattlemen batting - Pitching for Chicago Gold Sox : RHP Gordon Neugebauer
Pitching: RHP Gordon Neugebauer
Batting: SHB Robby Day 0-0: Ball
1-0: Called Strike
1-1: Ball
2-1: Ball
3-1: Base on Balls
Batting: RHB Júlio Maldonado 0-0: Fly out, F8 (Flyball, 8LD)
Batting: RHB Bart Lewis 0-0: Foul Ball, location: 2F
0-1: Ball
1-1: Called Strike
1-2: Ball
2-2: Ball
3-2: Strikes out swinging
Throwing error on steal attempt, E2
Robby Day to third
Batting: RHB Teruo Nakayama 0-0: Called Strike
0-1: Ball
1-1: Ball
2-1: Ground out 6-3 (Groundball, 6)
Top of the 1st over - 0 run(s), 0 hit(s), 1 error(s), 1 left on base; Ft. Worth 0 - Chicago 0
BOTTOM OF THE 1ST
Chicago Gold Sox batting - Pitching for Ft. Worth Cattlemen : LHP Bartolomeu Lio
Pitching: LHP Bartolomeu Lio
Batting: LHB Arthur Ryan 0-0: Ball
1-0: Swinging Strike
1-1: Foul Ball, location: 2F
1-2: Ball
2-2: Foul Ball, location: 2F
2-2: Strikes out swinging
Batting: LHB Eddie Flynn 0-0: Ball
1-0: Foul Ball, location: 2F
1-1: Fly out, F9 (Flyball, 9S)
Batting: RHB Scott Zijm 0-0: Ball
1-0: Ball
2-0: Called Strike
2-1: Swinging Strike
2-2: Ball
3-2: Strikes out swinging
Bottom of the 1st over - 0 run(s), 0 hit(s), 0 error(s), 0 left on base; Ft. Worth 0 - Chicago 0
TOP OF THE 2ND
Ft. Worth Cattlemen batting - Pitching for Chicago Gold Sox : RHP Gordon Neugebauer
Batting: LHB Ryan Westlake 0-0: Foul Ball, location: 2F
0-1: Called Strike
0-2: Ball
1-2: Ball
2-2: Ball
3-2: Strikes out swinging
Batting: RHB Alan Elder 0-0: Called Strike
0-1: Fly out, F9 (Flyball, 9LSF)
Batting: RHB Stephen Blair 0-0: Called Strike
0-1: Ball
1-1: Ball
2-1: Swinging Strike
2-2: Foul Ball, location: 2F
2-2: Strikes out swinging
Top of the 2nd over - 0 run(s), 0 hit(s), 0 error(s), 0 left on base; Ft. Worth 0 - Chicago 0
BOTTOM OF THE 2ND
Chicago Gold Sox batting - Pitching for Ft. Worth Cattlemen : LHP Bartolomeu Lio
Batting: LHB Melvin Castro 0-0: Foul Ball, location: 2F
0-1: Ball
1-1: Ground out 4-3 (Groundball, 4M)
Batting: RHB Tyrone Scott 0-0: Called Strike
0-1: Ground out 6-3 (Groundball, 6)
Batting: LHB Sam Good 0-0: Foul Ball, location: 2F
0-1: Ball
1-1: Foul Ball, location: 2F
1-2: Ball
2-2: Ball
3-2: Foul Ball, location: 2F
3-2: Ground out 4-3 (Groundball, 4D)
Bottom of the 2nd over - 0 run(s), 0 hit(s), 0 error(s), 0 left on base; Ft. Worth 0 - Chicago 0
TOP OF THE 3RD
Ft. Worth Cattlemen batting - Pitching for Chicago Gold Sox : RHP Gordon Neugebauer
Batting: LHB Pat McJannett 0-0: Ball
1-0: Called Strike
1-1: Ball
2-1: Ball
3-1: Base on Balls
Batting: RHB Jorge Rosa 0-0: Ball
1-0: Foul Ball, location: 2F
1-1: Ball
2-1: Ball
3-1: Base on Balls
Pat McJannett to second
Batting: SHB Robby Day 0-0: Fielders Choice at 2nd, 3-6 (Groundball, 34)
Pat McJannett to third
Batting: RHB Júlio Maldonado 0-0: Called Strike
0-1: Foul Ball, location: 2F
0-2: Ball
1-2: Strikes out swinging
Batting: RHB Bart Lewis 0-0: Foul Ball, location: 2F
0-1: Ball
1-1: Called Strike
1-2: Ball
2-2: Ball
3-2: Ground out 4-3 (Groundball, 4)
Top of the 3rd over - 0 run(s), 0 hit(s), 0 error(s), 2 left on base; Ft. Worth 0 - Chicago 0
BOTTOM OF THE 3RD
Chicago Gold Sox batting - Pitching for Ft. Worth Cattlemen : LHP Bartolomeu Lio
Batting: RHB Rod Jones 0-0: Called Strike
0-1: Swinging Strike
0-2: Foul Ball, location: 2F
0-2: Strikes out swinging
Batting: RHB Matt Love 0-0: Ground out 1-3 (Groundball, 13)
Batting: RHB Alfredo López 0-0: Foul Ball, location: 2F
0-1: Ground out 6-3 (Groundball, 6)
Bottom of the 3rd over - 0 run(s), 0 hit(s), 0 error(s), 0 left on base; Ft. Worth 0 - Chicago 0
TOP OF THE 4TH
Ft. Worth Cattlemen batting - Pitching for Chicago Gold Sox : RHP Gordon Neugebauer
Batting: RHB Teruo Nakayama 0-0: Ball
1-0: Ball
2-0: Foul Ball, location: 2F
2-1: Foul Ball, location: 2F
2-2: Ball
3-2: Foul Ball, location: 2F
3-2: DOUBLE (Line Drive, 78D)
Batting: LHB Ryan Westlake 0-0: Ball
1-0: Called Strike
1-1: Foul Ball, location: 2F
1-2: Ball
2-2: Foul Ball, location: 2F
2-2: Foul Ball, location: 2F
2-2: Foul Ball, location: 2F
2-2: SINGLE (Line Drive, 89S)
Teruo Nakayama to third
Runner from 3rd tries for Home, SAFE, throw made home
Ryan Westlake to second
Batting: RHB Alan Elder 0-0: Swinging Strike
0-1: Ball
1-1: Foul Ball, location: 2F
1-2: Foul Ball, location: 2F
1-2: Ground out 6-3 (Groundball, 56)
Pitching: RHP Gordon Fry
Batting: RHB Stephen Blair 0-0: Called Strike
0-1: Foul Ball, location: 2F
0-2: Ball
1-2: Ball
2-2: Strikes out swinging
Batting: LHB Pat McJannett 0-0: Ball
1-0: Ball
2-0: Ball
3-0: Called Strike
3-1: Base on Balls
Batting: RHB Jorge Rosa 0-0: Called Strike
0-1: Ball
1-1: Ball
2-1: Ball
3-1: Foul Ball, location: 2F
3-2: Strikes out swinging
Top of the 4th over - 1 run(s), 2 hit(s), 0 error(s), 2 left on base; Ft. Worth 1 - Chicago 0
BOTTOM OF THE 4TH
Chicago Gold Sox batting - Pitching for Ft. Worth Cattlemen : LHP Bartolomeu Lio
Batting: LHB Arthur Ryan 0-0: Fly out, F9 (Flyball, 89S)
Batting: LHB Eddie Flynn 0-0: Ball
1-0: Ball
2-0: Called Strike
2-1: Swinging Strike
2-2: Strikes out looking
Batting: RHB Scott Zijm 0-0: Called Strike
0-1: Swinging Strike
0-2: Ball
1-2: Foul Ball, location: 2F
1-2: Fly out, F8 (Flyball, 8RS)
Bottom of the 4th over - 0 run(s), 0 hit(s), 0 error(s), 0 left on base; Ft. Worth 1 - Chicago 0
TOP OF THE 5TH
Ft. Worth Cattlemen batting - Pitching for Chicago Gold Sox : RHP Gordon Fry
Batting: SHB Robby Day 0-0: Ball
1-0: Ball
2-0: SOLO HOME RUN (Line Drive, 89XD), Distance : 416 ft
Batting: RHB Júlio Maldonado 0-0: Called Strike
0-1: Ball
1-1: Ball
2-1: Foul Ball, location: 2F
2-2: SINGLE (Flyball, 78S)
Batting: RHB Bart Lewis 0-0: Fly out, F8 (Flyball, 8RXD)
Batting: RHB Teruo Nakayama 0-0: Foul Ball, location: 2F
0-1: Foul Ball, location: 2F
0-2: Ball
1-2: Foul Ball, location: 2F
1-2: Strikes out swinging
Batting: LHB Ryan Westlake 0-0: Fly out, F8 (Flyball, 8LS)
Top of the 5th over - 1 run(s), 2 hit(s), 0 error(s), 1 left on base; Ft. Worth 2 - Chicago 0
BOTTOM OF THE 5TH
Chicago Gold Sox batting - Pitching for Ft. Worth Cattlemen : LHP Bartolomeu Lio
Batting: LHB Melvin Castro 0-0: Foul Ball, location: 2F
0-1: SOLO HOME RUN (Flyball, 9LD), Distance : 365 ft
Batting: RHB Tyrone Scott 0-0: Ball
1-0: Foul Ball, location: 2F
1-1: SINGLE (Groundball, 25) (infield hit)
Batting: LHB Sam Good 0-0: Foul Ball, location: 2F
0-1: SINGLE (Groundball, 4D)
Tyrone Scott to second
Runner from 2nd tries for 3rd, OUT!
Batting: RHB Rod Jones 0-0: Ball
1-0: Grounds into double play, 5-4-3 (Groundball, 56)
Bottom of the 5th over - 1 run(s), 3 hit(s), 0 error(s), 0 left on base; Ft. Worth 2 - Chicago 1
TOP OF THE 6TH
Ft. Worth Cattlemen batting - Pitching for Chicago Gold Sox : RHP Gordon Fry
Batting: RHB Alan Elder 0-0: Ball
1-0: Ball
2-0: Fly out, F8 (Flyball, 8RD)
Pitching: RHP Sixto Palaeios
Batting: RHB Stephen Blair 0-0: Ball
1-0: Ball
2-0: Ball
3-0: Called Strike
3-1: Base on Balls
Batting: LHB Pat McJannett 0-0: Called Strike
Stephen Blair steals 2nd base
0-1: Ball
1-1: Fly out, F5 (Line Drive, 56)
Batting: RHB Jorge Rosa 0-0: Called Strike
0-1: Ball
1-1: DOUBLE (Flyball, 78D)
Stephen Blair scores
Batting: SHB Robby Day 0-0: Ball
1-0: Ball
2-0: Ball
3-0: Base on Balls
Batting: RHB Júlio Maldonado 0-0: Ball
1-0: Ball
2-0: Foul Ball, location: 2F
2-1: Called Strike
2-2: Foul Ball, location: 2F
2-2: Foul Ball, location: 2F
2-2: Fielders Choice at 2nd, 5-4 (Groundball, 56)
Top of the 6th over - 1 run(s), 1 hit(s), 0 error(s), 1 left on base; Ft. Worth 3 - Chicago 1
BOTTOM OF THE 6TH
Chicago Gold Sox batting - Pitching for Ft. Worth Cattlemen : LHP Bartolomeu Lio
Batting: RHB Matt Love 0-0: Foul Ball, location: 2F
0-1: Ball
1-1: Ball
2-1: Fly out, F9 (Flyball, 9)
Batting: RHB Alfredo López 0-0: Foul Ball, location: 2F
0-1: Swinging Strike
0-2: Ball
1-2: Foul Ball, location: 2F
1-2: SINGLE (Groundball, 6MD)
Batting: LHB Arthur Ryan 0-0: Foul Ball, location: 2F
0-1: Ball
1-1: Ball
2-1: SINGLE (Groundball, 4) (infield hit)
Alfredo López to second
Batting: LHB Eddie Flynn 0-0: Swinging Strike
0-1: SINGLE (Groundball, 56D)
Alfredo López to third
Arthur Ryan to second
Runner from 3rd tries for Home, SAFE, throw made home
Arthur Ryan to third
Eddie Flynn to second
Batting: RHB Scott Zijm 0-0: Called Strike
0-1: Ball
1-1: Fly out, F7 (Flyball, 78D)
Runner from 3rd tags up, SCORES, no throw
Batting: LHB Melvin Castro 0-0: Foul Ball, location: 2F
0-1: Ball
1-1: Ground out U3 (Groundball, 34S)
Bottom of the 6th over - 2 run(s), 3 hit(s), 0 error(s), 1 left on base; Ft. Worth 3 - Chicago 3
TOP OF THE 7TH
Ft. Worth Cattlemen batting - Pitching for Chicago Gold Sox : RHP Sixto Palaeios
Batting: RHB Bart Lewis 0-0: Ball
1-0: SOLO HOME RUN (Flyball, 7D), Distance : 392 ft
Pitching: RHP Eric Newell
Batting: RHB Teruo Nakayama 0-0: Ball
1-0: Ground out U3 (Groundball, 34)
Batting: LHB Ryan Westlake 0-0: SINGLE (Flyball, 4MD)
Batting: RHB Alan Elder 0-0: Called Strike
0-1: Grounds into double play, 6-4-3 (Groundball, 6)
Top of the 7th over - 1 run(s), 2 hit(s), 0 error(s), 0 left on base; Ft. Worth 4 - Chicago 3
BOTTOM OF THE 7TH
Chicago Gold Sox batting - Pitching for Ft. Worth Cattlemen : LHP Bartolomeu Lio
Batting: RHB Tyrone Scott 0-0: Ball
1-0: Fly out, F9 (Flyball, 89M)
Batting: LHB Sam Good 0-0: Ball
1-0: Ground out U3 (Groundball, 34D)
Batting: RHB Rod Jones 0-0: Ball
1-0: Foul Ball, location: 2F
1-1: Ball
2-1: Swinging Strike
2-2: Foul Ball, location: 2F
2-2: Ball
3-2: Foul Ball, location: 2F
3-2: Strikes out swinging
Bottom of the 7th over - 0 run(s), 0 hit(s), 0 error(s), 0 left on base; Ft. Worth 4 - Chicago 3
TOP OF THE 8TH
Ft. Worth Cattlemen batting - Pitching for Chicago Gold Sox : RHP Eric Newell
Batting: RHB Stephen Blair 0-0: SINGLE (Line Drive, 7LS)
Batting: LHB Pat McJannett 0-0: Ball
1-0: Bunted foul
1-1: Sac Bunt - play at first, batter OUT! 1-4
Stephen Blair to second
Pinch Hitting: LHB Toyokazu Asano 0-0: Ball
1-0: Called Strike
1-1: Foul Ball, location: 2F
1-2: Ball
2-2: Foul Ball, location: 2F
2-2: Fly out, F7 (Flyball, 7)
Batting: SHB Robby Day 0-0: Fly out, F6 (Popup, 6MD)
Top of the 8th over - 0 run(s), 1 hit(s), 0 error(s), 1 left on base; Ft. Worth 4 - Chicago 3
BOTTOM OF THE 8TH
Chicago Gold Sox batting - Pitching for Ft. Worth Cattlemen : LHP Bartolomeu Lio
Now at SS: Davis Anderson
Batting: RHB Matt Love 0-0: Called Strike
0-1: Foul Ball, location: 2F
0-2: Foul Ball, location: 2F
0-2: Ground out 6-3 (Groundball, 6)
Batting: RHB Alfredo López 0-0: Foul Ball, location: 2F
0-1: Foul Ball, location: 2F
0-2: Ball
1-2: Fly out, F9 (Flyball, 9S)
Batting: LHB Arthur Ryan 0-0: Called Strike
0-1: Ground out 4-3 (Groundball, 34)
Bottom of the 8th over - 0 run(s), 0 hit(s), 0 error(s), 0 left on base; Ft. Worth 4 - Chicago 3
TOP OF THE 9TH
Ft. Worth Cattlemen batting - Pitching for Chicago Gold Sox : RHP Eric Newell
Batting: RHB Júlio Maldonado 0-0: Foul Ball, location: 2F
0-1: Ball
1-1: Ball
2-1: Fly out, F7 (Flyball, 7S)
Batting: RHB Bart Lewis 0-0: Fly out, F6 (Popup, 56D)
Batting: RHB Teruo Nakayama 0-0: Swinging Strike
0-1: Ball
1-1: Fly out, F8 (Flyball, 8RM)
Top of the 9th over - 0 run(s), 0 hit(s), 0 error(s), 0 left on base; Ft. Worth 4 - Chicago 3
BOTTOM OF THE 9TH
Chicago Gold Sox batting - Pitching for Ft. Worth Cattlemen : LHP Bartolomeu Lio
Batting: LHB Eddie Flynn 0-0: Called Strike
0-1: Ball
1-1: Fly out, F9 (Flyball, 9LS)
Batting: RHB Scott Zijm 0-0: Ball
1-0: Ball
2-0: Swinging Strike
2-1: Called Strike
2-2: Foul Ball, location: 2F
2-2: Strikes out looking
Batting: LHB Melvin Castro 0-0: Ball
1-0: Called Strike
1-1: Ball
2-1: Fly out, F8 (Flyball, 8RD)
Bottom of the 9th over - 0 run(s), 0 hit(s), 0 error(s), 0 left on base; Ft. Worth 4 - Chicago 3
Friday, December 30th, 2016 - OOTP Baseball 17.12 Build 75